cohdb
Replays
Latest Replays
All Replays
Popular Replays
Top Player Replays
Match Explorer
How It Works
Community
CoH3 Stats
Reddit
Sign in to upload your games and track your stats! →
Sign in with Steam
repeat after me, rushing wher p4 is never the solution
Match 42298768
Overview
Messages
Build Orders
End
Scout Squad
Construct Barracks
Riflemen Squad
1⁄4-ton 4x4 Truck
Riflemen Squad
Riflemen Squad
Infantry Support Center
M1918 Browning Automatic Rifles
Construct Medical Station
Construct Weapon Support Center
M3 Armored Personnel Carrier
Selects Heavy Weapons
Selects Assault Carriers
Selects Exchangeable Parts
Engineer Squad
Riflemen Squad
M1 Mortar Team
Grenade Package
Advanced Logistics
Engineer Squad
Engineer Squad
Selects M26 Pershing Heavy Tank
M26 Pershing Heavy Tank
Engineer Squad
Engineer Squad
Selects M2HB .50cal Heavy Machine Gun
Selects Rapid Reposition
Captain Retinue
Survival Training
Selects Black Dragon Artillery Barrage
Black Dragon Artillery Barrage
Akkerman
Oziligath
0
0
Comments
sign in to comment!
No comments posted yet!